 Dungeon Crawl Stone Soup version 0.29.0-13-gc9e81de378 (webtiles) character file.

Game seed: 10494078596404166879

20504 DoubleLucky the Arsonist (level 12, -4/96 HPs)
             Began as a Yellow Draconian Fire Elementalist on Sept 9, 2022.
             Was an Elder of Qazlal.
             Slain by an orc knight
             ... wielding a +1 vampiric long sword
              (17 damage)
             ... on level 13 of the Dungeon.
             The game lasted 01:07:59 (17484 turns).

DoubleLucky the Arsonist (DrFE)                    Turns: 17484, Time: 01:08:00

Health: -4/96      AC: 15    Str: 10    XL:     12   Next: 45%
Magic:  13/26      EV: 12    Int: 21    God:    Qazlal [****..]
Gold:   901        SH: 10    Dex: 12    Spells: 20/31 levels left

rFire   . . .      SeeInvis .   v - +0 dagger (elec)
rCold   . . .      Faith    .   (no shield)
rNeg    . . .      Spirit   .   (body armour unavailable)
rPois   .          Reflect  +   (helmet restricted)
rElec   .          Harm     .   G - +2 cloak
rCorr   +          Rampage  .   t - +2 pair of gloves
Will    .....                   m - +0 pair of boots
Stlth   +.........              H - amulet of reflection
HPRegen 0.26/turn               (no ring)
MPRegen 0.20/turn               (no ring)

@: about to teleport, short of breath, repel missiles
A: spit acid, AC +8, unfitting armour, cold-blooded, acid resistance
a: Breathe Acid, Renounce Religion, Upheaval, Elemental Force


You were on level 13 of the Dungeon.
You worshipped Qazlal.
Qazlal was greatly pleased with you.
You visited 2 branches of the dungeon, and saw 14 of its levels.

You collected 1046 gold pieces.
You spent 145 gold pieces at shops.

Inventory:

Hand Weapons
 v - a +0 dagger of electrocution (weapon)
Missiles
 i - 5 throwing nets
Armour
 m - a +0 pair of boots (worn)
 t - a +2 pair of gloves (worn)
 G - a +2 cloak (worn)
Jewellery
 h - an amulet of regeneration
 z - a ring of poison resistance
 H - an amulet of reflection (around neck)
 I - a +6 ring of dexterity
Wands
 r - a wand of paralysis (5)
 y - a wand of polymorph (3)
 D - a wand of light (6)
Scrolls
 d - 2 scrolls of brand weapon
 f - a scroll of summoning
 j - 2 scrolls of fear {unknown}
 n - 3 scrolls of teleportation
 o - a scroll of amnesia {unknown}
 q - 4 scrolls of fog
 s - a scroll of vulnerability {unknown}
 A - a scroll of poison {unknown}
 B - 2 scrolls of immolation {unknown}
 E - 2 scrolls of magic mapping {unknown}
Potions
 a - 5 potions of magic
 b - a potion of curing
 c - a potion of resistance {unknown}
 e - 4 potions of might
 g - 2 potions of haste {unknown}
 k - a potion of flight {unknown}
 l - 2 potions of ambrosia
 p - 4 potions of heal wounds
 u - 2 potions of berserk rage
 w - 2 potions of mutation
 x - a potion of degeneration {unknown}
 C - 4 potions of brilliance {unknown}
 F - 2 potions of cancellation
 J - a potion of lignification {unknown}


   Skills:
 - Level 6.0 Fighting
 - Level 1.7 Dodging
 - Level 1.7 Stealth
 - Level 10.0 Spellcasting
 + Level 8.0 Conjurations
 - Level 12.0 Fire Magic
 - Level 8.0 Ice Magic
 + Level 6.3 Air Magic


You had 20 spell levels left.
You knew the following spells:

 Your Spells              Type           Power      Damage    Failure   Level
a - Foxfire               Conj/Fire      100%       2x1d9     1%          1
b - Scorch                Fire           100%       2d10      1%          2
c - Inner Flame           Hex/Fire       35%        N/A       1%          3
d - Freezing Cloud        Conj/Ice/Air   20%        6-21      9%          5

Your spell library contained the following spells:

 Spells                   Type           Power      Damage    Failure   Level
 Shock                    Conj/Air       100%       1d9       1%          1
 Ensorcelled Hibernation  Hex/Ice        54%        N/A       1%          2
 Conjure Flame            Conj/Fire      51%        6-21      1%          3
 Swiftness                Air            37%        N/A       1%          3
 Flame Wave               Conj/Fire      51%        2d13      1%          4
 Poisonous Vapours        Pois/Air       46%        N/A       2%          2
 Mephitic Cloud           Conj/Pois/Air  30%        N/A       2%          3
 Ignite Poison            Fire/Tmut/Pois 27%        N/A       3%          3
 Airstrike                Air            18%        2d(3-19)  4%          4
 Sublimation of Blood     Necr           10%        N/A       10%         2
 Spider Form              Tmut/Pois      10%        N/A       19%         3
 Corpse Rot               Necr/Pois/Air  19%        N/A       26%         4
 Irradiate                Conj/Tmut      13%        3d16      34%         5
 Anguish                  Hex/Necr       5%         N/A       54%         4
 Petrify                  Tmut/Erth      10%        N/A       54%         4
 Simulacrum               Ice/Necr       13%        N/A       88%         6
 Polar Vortex             Ice            22%        N/A       100%        9


Dungeon Overview and Level Annotations

Branches:
Dungeon (13/15)            Temple (1/1) D:5            Lair (0/5) D:11
    Orc (0/2) D:12
 Vaults: D:13-14

Altars:
Ashenzari
Cheibriados
Dithmenos
Elyvilon
Fedhas
Gozag
Hepliaklqana
Kikubaaqudgha
Makhleb
Nemelex Xobeh
Okawaru
Qazlal
Ru
Sif Muna
Trog
Uskayaw
Vehumet
Wu Jian
Xom
Yredelemnul
Zin
The Shining One

Shops:
D:2 [   D:5 ?   D:7 [


Innate Abilities, Weirdness & Mutations

You can spit globs of acid.
Your golden yellow scales are hard. (AC +8)
You cannot fit into any form of body armour.
You are cold-blooded and may be slowed by cold attacks.
You are resistant to acid. (rCorr)


Message History

The tengu warrior misses you.
An orc knight comes into view.
It is wielding a +1 vampiric long sword.
Casting: Foxfire (safe; 1% risk of failure)
Confirm with . or Enter, or press ? or * to list all spells.
You conjure some foxfire!
You block the tengu warrior's attack.
The tengu warrior pecks you but does no damage.
The tengu warrior claws you but does no damage.
Your foxfire dissipates!
The foxfire hits the tengu warrior.
Flame seeps out of the tengu warrior.
The tengu warrior is severely wounded.
The tengu warrior is engulfed in blazing flames.
Flame seeps out of the tengu warrior.
Press: ? - help, Shift-Dir - straight line, f - orc knight, p - tengu warrior
Aim: an orc knight, wielding a +1 vampiric long sword and wearing a +0 chain mail (64% to hit)
You spit a glob of acid.
The glob of acid misses the tengu warrior.
The glob of acid hits the orc knight!!
The orc knight is moderately wounded.
The tengu warrior hits you with a +4 battleaxe.
The tengu warrior pecks you but does no damage.
You block the tengu warrior's attack.
The battlesphere appears!
A battlesphere comes into view.
Casting: Foxfire (safe; 1% risk of failure)
Confirm with . or Enter, or press ? or * to list all spells.
You conjure some foxfire!
Your foxfire dissipates!
The foxfire hits the orc knight.
The orc knight is moderately wounded.
The tengu warrior hits you with a +4 battleaxe!
* * * LOW HITPOINT WARNING * * *
The tengu warrior pecks you but does no damage.
The tengu warrior claws you but does no damage.
As you read the scroll of teleportation, it crumbles to dust.
You feel strangely unstable.
The tengu warrior hits you with a +4 battleaxe!
* * * LOW HITPOINT WARNING * * *
The tengu warrior closely misses you.
The tengu warrior completely misses you.
The orc knight hits you with a +1 vampiric long sword!
You die...

#..........
#............#
+.*..........##
#............#
#............#
#.§○.........#
#☼§..........#....
#....#oQ.........##....
#....#@..........##....
#....#°..##......##....
#....#.○.##########....
#....#............#....
#....#............#....
#....#...........## #
#)...(...........######
#.#######.........#...'
#..8....#.........#...#


You could see an orc knight, a tengu warrior (inner flame) and a battlesphere
(distracted).

Vanquished Creatures
  Josephine (D:11)
  A boulder beetle (D:13)
  4 two-headed ogres
  A hydra (D:13)
  Sonja (D:11)
  2 ugly things
  2 manticores (D:11)
  5 cyclopes
  Maurice (D:8)
  3 gargoyles
  Maggie (D:8)
  A freezing wraith (D:12)
  2 komodo dragons
  An unseen horror (D:12)
  3 trolls
  2 hornets
  A vampire (D:13)
  19 yaks
  A shadow (D:10)
  7 wraiths
  5 wyverns
  A basilisk (D:11)
  Grum (D:10)
  An acid dragon (D:11)
  4 orc warriors
  An ice beast (D:7)
  2 sky beasts
  2 black bears
  An ogre (D:5)
  3 wolves (D:10)
  4 centaurs
  Blork the orc (D:4)
  4 bullfrogs
  3 gnoll sergeants
  2 necrophages
  5 scorpions
  5 howler monkeys
  An electric eel (D:10)
  A crimson imp (D:7)
  5 hounds
  8 orc priests
  2 jellies
  Jessica (D:3)
  Terence (D:3)
  An iguana (D:5)
  13 orc wizards
  18 gnolls
  6 adders
  A shadow imp (D:7)
  A white imp (D:5)
  An ufetubus (D:5)
  A worm (D:3)
  2 dart slugs (D:1)
  34 orcs
  2 bats (D:1)
  7 endoplasms
  2 giant cockroaches
  7 goblins
  8 hobgoblins
  2 jackals (D:1)
  2 quokkas (D:4)
  6 ball pythons
  3 frilled lizards (D:1)
  11 kobolds
  4 rats
  A rat zombie (D:11)
256 creatures vanquished.

Vanquished Creatures (others)
  1098 foxfires
  A plant (D:1)
1099 creatures vanquished.

Grand Total: 1355 creatures vanquished

Notes
Turn   | Place    | Note
-------+----------+-------------------------------------------
     0 | D:1      | DoubleLucky the Draconian Fire Elementalist began the quest
                  | for the Orb.
     0 | D:1      | Reached XP level 1. HP: 14/14 MP: 3/3
   425 | D:1      | Reached XP level 2. HP: 20/20 MP: 0/5
   672 | D:1      | Found a faded altar of an unknown god.
  1020 | D:1      | Reached XP level 3. HP: 26/26 MP: 4/7
  1444 | D:2      | Found Hulibutt's Armour Shop.
  2602 | D:3      | Noticed Jessica
  2607 | D:3      | Killed Jessica
  2608 | D:3      | Reached XP level 4. HP: 33/33 MP: 3/9
  2956 | D:3      | Reached skill level 4 in Fire Magic
  3183 | D:3      | Identified the +7 falchion "Qinwecim" {pain, Str+2}
  3850 | D:3      | Noticed Terence
  3936 | D:3      | Killed Terence
  4068 | D:3      | Reached XP level 5. HP: 38/38 MP: 3/10
  4266 | D:4      | Reached skill level 5 in Fire Magic
  4576 | D:4      | Reached skill level 6 in Fire Magic
  4576 | D:4      | Reached XP level 6. HP: 39/45 MP: 3/11
  4739 | D:4      | Noticed Blork the orc
  4760 | D:4      | Killed Blork the orc
  5465 | D:5      | Entered Level 5 of the Dungeon
  5475 | D:5      | Learned a level 2 spell: Scorch
  5699 | D:5      | Found Rungoin's Magic Scroll Boutique.
  5707 | D:5      | Bought a scroll of identify for 20 gold pieces
  5707 | D:5      | Bought a scroll of identify for 20 gold pieces
  5707 | D:5      | Bought a scroll of blinking for 75 gold pieces
  5707 | D:5      | Bought a scroll of teleportation for 30 gold pieces
  5769 | D:5      | Reached skill level 5 in Spellcasting
  5799 | D:5      | Your scales start taking on a golden yellow colour.
  5799 | D:5      | Reached XP level 7. HP: 50/50 MP: 0/14
  5799 | D:5      | Gained mutation: You are resistant to acid. (rCorr) [Yellow
                  | Draconian growth]
  6192 | D:5      | Found a staircase to the Ecumenical Temple.
  6209 | Temple   | Entered the Ecumenical Temple
  6410 | Temple   | Became a worshipper of Qazlal Stormbringer
  6714 | D:5      | Found a bloodstained altar of Trog.
  7039 | D:5      | Reached skill level 7 in Fire Magic
  7233 | D:6      | Reached XP level 8. HP: 52/57 MP: 13/17
  7349 | D:6      | Reached skill level 8 in Fire Magic
  7432 | D:6      | Reached * piety under Qazlal
  7839 | D:6      | Reached skill level 9 in Fire Magic
  8246 | D:7      | Found a radiant altar of Vehumet.
  8246 | D:7      | Found a burning altar of Makhleb.
  8450 | D:7      | Reached skill level 10 in Fire Magic
  8508 | D:7      | Found Fraech's Dragon-Slaying Spoils.
  8580 | D:7      | Found an opulent altar of Gozag.
  8581 | D:7      | Found a broken altar of Ashenzari.
  8753 | D:7      | Reached XP level 9. HP: 62/62 MP: 15/18
  9123 | D:8      | Noticed Maurice
  9323 | D:8      | Reached skill level 11 in Fire Magic
  9472 | D:8      | Noticed a komodo dragon
  9837 | D:8      | Noticed Maggie
  9850 | D:8      | Killed Maggie
 10097 | D:8      | Reached skill level 12 in Fire Magic
 10148 | D:8      | Killed Maurice
 10477 | D:8      | Reached ** piety under Qazlal
 10492 | D:8      | Killed a komodo dragon
 10493 | D:8      | Reached XP level 10. HP: 69/69 MP: 3/22
 10643 | D:8      | Learned a level 3 spell: Inner Flame
 10845 | D:9      | Noticed a two-headed ogre
 10853 | D:9      | Killed a two-headed ogre
 11235 | D:9      | Noticed a two-headed ogre
 11240 | D:9      | Killed a two-headed ogre
 11296 | D:9      | Reached skill level 10 in Spellcasting
 11298 | D:9      | Identified the +2 long sword of Foolhardiness {holy, Dex+4
                  | Stlth+}
 11747 | D:10     | Entered Level 10 of the Dungeon
 11790 | D:9      | Reached skill level 1 in Fighting
 11872 | D:9      | Reached skill level 1 in Ice Magic
 11872 | D:9      | Reached skill level 1 in Air Magic
 12368 | D:10     | Reached XP level 11. HP: 77/77 MP: 9/25
 12572 | D:10     | Noticed Grum
 12581 | D:10     | Killed Grum
 12581 | D:10     | Reached *** piety under Qazlal
 12637 | D:10     | Found a hide-covered altar of Uskayaw.
 13092 | D:11     | Noticed a purple ugly thing
 13109 | D:11     | Killed a purple ugly thing
 13318 | D:11     | Reached skill level 5 in Fighting
 13558 | D:11     | Found an ancient bone altar of Kikubaaqudgha.
 14108 | D:11     | Found a staircase to the Lair.
 14131 | D:11     | Reached skill level 5 in Ice Magic
 14277 | D:11     | Noticed Sonja
 14281 | D:11     | Killed Sonja
 14422 | D:11     | Identified the +2 ring mail "Xukkauw" {-Tele rElec rCorr
                  | MP+9}
 14426 | D:11     | Noticed a two-headed ogre
 14431 | D:11     | Reached skill level 5 in Conjurations
 14432 | D:11     | Killed a two-headed ogre
 14688 | D:11     | Noticed Josephine
 14709 | D:11     | Killed Josephine
 15297 | D:12     | Noticed a brown ugly thing
 15305 | D:12     | Killed a brown ugly thing
 15339 | D:12     | Noticed a two-headed ogre
 15345 | D:12     | Killed a two-headed ogre
 15346 | D:12     | Reached XP level 12. HP: 93/96 MP: 0/26
 15703 | D:12     | Reached **** piety under Qazlal
 15943 | D:11     | Learned a level 5 spell: Freezing Cloud
 16718 | D:12     | Found a staircase to the Orcish Mines.
 16985 | D:13     | Noticed a boulder beetle
 17008 | D:13     | Killed a boulder beetle
 17009 | D:13     | Reached skill level 5 in Air Magic
 17098 | D:13     | Noticed an eight-headed hydra
 17102 | D:13     | Killed an eight-headed hydra
 17470 | D:13     | Noticed a tengu warrior
 17484 | D:13     | Slain by an orc knight

Illustrated notes

Levels and vault maps discovered:
D:1:      tarquinn_simple_flora_water_a, layout_loops_cross,
          ebering_ecumenical_altar_sacrificial
D:2:      layout_basic, serial_shops, nicolae_shop_waterfront
D:3:      layout_basic, uniq_terence, uniq_jessica
D:4:      layout_basic, minmay_unequal, uniq_blork_the_orc
D:5:      layout_basic, trog_hazing_becter, minmay_temple_entry_metal_lava,
          nicolae_stop_n_shop_1
D:6:      layout_loops_cross
D:7:      layout_cave_pods, grunt_temple_overflow_lords_of_destruction,
          jmf_multi_god_temple, nicolae_shop_dragon_depot
D:8:      layout_basic, uniq_maurice, uniq_maggie
D:9:      layout_basic
D:10:     layout_basic, kennysheep_mini_moat, uniq_grum
D:11:     layout_irregular_city, erik_lair_dragon, serial_co_window_serial,
          co_window_of_opportunity_a, co_window_paths_b, co_window_cross_1,
          co_window_paths_a, co_window_paths_b, co_window_of_opportunity_c,
          co_window_cross_3, co_window_corner_cb, co_window_corner_b,
          co_window_4corner_b, co_window_paths_e, glass_columns_a,
          glass_columns_a, lemuel_zombie_altar_kikubaaqudgha, uniq_sonja,
          uniq_josephine
D:12:     layout_loops_ring, hiddenorc1_lemuel
D:13:     minmay_bloctagon_deflated, layout_gridville,
          grunt_vaults_entry_fortified, chequers_decorated_corner,
          minmay_pinched_square
Temple:   eino_temple_scatter_basement

Skill      XL: |  1  2  3  4  5  6  7  8  9 10 11 12 |
---------------+-------------------------------------+-----
Spellcasting   | 3 5 6 8 10 | 10.0
Fire Magic     | 4 6 7 10 12 | 12.0
Conjurations   | 4 6 8 |  8.0
Fighting       | 1 6 |  6.0
Ice Magic      | 3 7 8 |  8.0
Air Magic      | 3 4 6 |  6.3
Dodging        | |  1.7
Stealth        | |  1.7

Action                   |  1- 3 |  4- 6 |  7- 9 | 10-12 || total
-------------------------+-------+-------+-------+-------++-------
Melee: Unarmed           |     3 |       |       |       ||     3
       Dagger            |     4 |    15 |    61 |    23 ||   103
       Short sword       |     5 |     3 |       |       ||     8
       Tailslap          |       |     3 |    11 |     8 ||    22
       Punch             |       |       |     1 |       ||     1
 Cast: Foxfire           |    69 |   140 |   250 |   211 ||   670
       Scorch            |       |       |    51 |    75 ||   126
       Inner Flame       |       |       |       |    83 ||    83
       Freezing Cloud    |       |       |       |     1 ||     1
 Abil: Breathe Acid      |       |       |     4 |     6 ||    10
  Use: Scroll            |       |     6 |       |    10 ||    16
       Potion            |       |       |     3 |     2 ||     5
Armor: Skin              |     2 |    10 |    33 |    58 ||   103
Dodge: Dodged            |     6 |    26 |    64 |    64 ||   160
Block: Other             |       |       |     6 |    35 ||    41
       Reflection        |       |       |       |     1 ||     1
